 Dungeon Crawl Stone Soup version 0.26-a0-639-g72c4674329 (webtiles) character file.

Game seed: 18343527965576208920

59 Alarkh the Insei (level 3, 0/28 HPs)
             Began as a Demonspawn Gladiator on Sept 17, 2020.
             Killed by divine providence
             ... invoked by an orc priest
              (16 damage)
             ... on level 2 of the Dungeon.
             The game lasted 00:01:07 (1750 turns).

Alarkh the Insei (Demonspawn Gladiator)             Turns: 1750, Time: 00:01:09

Health: 0/28       AC:  4    Str: 14    XL:     3   Next: 78%
Magic:  3/3        EV: 12    Int: 10    God:
Gold:   63         SH:  0    Dex: 14    Spells: 2/2 levels left

rFire    . . .     SeeInvis .     - Unarmed
rCold    + . .     Faith    .   (no shield)
rNeg     + . .     Spirit   .   a - +0 leather armour
rPois    .         Reflect  .   b - +0 helmet
rElec    .         Harm     .   (no cloak)
rCorr    .         Rampage  .   (no gloves)
MR       .....                  (no boots)
Stlth    +.........             (no amulet)
HPRegen  0.09/turn              i - ring of protection from cold
MPRegen  0.08/turn              j - ring of positive energy

@: mighty
A: spiny 1
a: no special abilities


You were on level 2 of the Dungeon.
You visited 1 branch of the dungeon, and saw 3 of its levels.

You collected 63 gold pieces.

Inventory:

Missiles
 c - 3 throwing nets (quivered)
Armour
 a - a +0 leather armour (worn)
 b - a +0 helmet (worn)
Jewellery
 i - a ring of protection from cold (left hand)
 j - a ring of positive energy (right hand)
 k - a +4 ring of evasion
Scrolls
 d - a scroll of enchant weapon {unknown}
 e - a scroll of fog {unknown}
 f - a scroll of remove curse {unknown}
 g - 2 scrolls of identify {unknown}
 l - 3 scrolls of teleportation {unknown}
 m - 2 scrolls of blinking {unknown}


   Skills:
 + Level 2.8 Fighting
 - Level 1.7 Throwing
 - Level 2.6 Dodging
 * Level 3.9 Unarmed Combat


You had 2 spell levels left.
You didn't know any spells.
Your spell library was empty.

Dungeon Overview and Level Annotations

Branches:
Dungeon (3/15)

Altars:
Gozag
Nemelex Xobeh


Innate Abilities, Weirdness & Mutations

You are partially covered in sharp spines.


Message History

There is a stone staircase leading up here.
The orc wizard completely misses you.
The orc hits you with a cursed -3 dagger.
The orc priest closely misses you.
You climb upwards.
There is a stone staircase leading down here.
It was a potion of might.
You feel very mighty all of a sudden. The orc wizard misses you.
The orc hits you with a cursed -3 dagger.
The orc priest is struck by your spines.
The orc priest hits you but does no damage.
You hit the orc priest.
The orc priest is moderately wounded.
The orc wizard points at you and mumbles some strange words.
The magic dart hits you. The orc hits you but does no damage.
The orc priest invokes the aid of Beogh against you.
Beogh smites you!
Ouch! That really hurt!
You die...

.............# #.# #.#
#.###....###.## #####.###.#
..###...####..###.........#
####..............##.######
.......#.####...###..#
.....###.# ###..##.##
.....###.## ##....#
......##..# #oo###
......###.# #@##
..........# ##o#
......##### #..####
.......†.# #.....#
.....###.# #.###.# ######
#.## #.# #.# #..#####.# #.#
##.......# #.###
######..###...#


You could see an orc priest, an orc wizard and an orc.

Vanquished Creatures
  An adder (D:2)
  3 worms (D:2)
  2 dart slugs (D:1)
  8 bats
  2 giant cockroaches
  6 goblins
  2 hobgoblins (D:2)
  2 quokkas (D:2)
  3 frilled lizards
  6 kobolds
  2 rats
37 creatures vanquished.

Notes
Turn   | Place    | Note
-------+----------+-------------------------------------------
     0 | D:1      | Alarkh the Demonspawn Gladiator began the quest for the
                  | Orb.
     0 | D:1      | Reached XP level 1. HP: 16/16 MP: 1/1
   153 | D:1      | Reached skill level 3 in Unarmed Combat
   183 | D:1      | Gained mutation: You are partially covered in sharp spines.
                  | [demonic ancestry]
   183 | D:1      | Reached XP level 2. HP: 11/22 MP: 2/2
   579 | D:2      | Reached XP level 3. HP: 12/28 MP: 3/3
   851 | D:2      | HP: 1/28 [worm (5)]
  1315 | D:2      | Found an opulent altar of Gozag.
  1316 | D:2      | Found a sparkling altar of Nemelex Xobeh.
  1750 | D:2      | Killed from afar by an orc priest

Illustrated notes

Levels and vault maps discovered:
D:1:      nzn_arrival_water_spiral, layout_basic
D:2:      layout_rooms, grunt_temple_overflow_opulence
D:3:      kennysheep_big_flooded_room, layout_basic, evilmike_ruin_ashenzari,
          grunt_ministairs_10, nicolae_qazlal_general_emergency

Skill      XL: |  1 |
---------------+----+-----
Unarmed Combat | 3 |  3.9
Fighting       | |  2.8
Throwing       | |  1.7
Dodging        | |  2.6

Action                   || total
-------------------------++-------
Melee: Unarmed           ||   117
       Punch             ||     2
  Use: Potion            ||     1
 Stab: Sleeping          ||     1
Armor: Leather armour    ||    40
Dodge: Dodged            ||   101

Table legend: (Time is in decaauts)
 A = Elapsed time spent in this place.
 B = Non-inter-level travel time spent in this place.
 C = Inter-level travel time spent in this place.
 D = Time resting spent in this place.
 E = Time spent auto-exploring this place.
 F = Levels seen in this place.
 G = Mean time per level.
                   A        B        C        D        E       F      G
               +--------+--------+--------+--------+--------+-----+--------+
         Total |   1743 |   1663 |     80 |    813 |    644 |   3 |  581.0 |
       Dungeon |   1743 |   1663 |     80 |    813 |    644 |   3 |  581.0 |
               +--------+--------+--------+--------+--------+-----+--------+

Top non-repeatable levels by time:
     D:2: 1202 daAuts
     D:1: 534 daAuts
     D:3: 6 daAuts
